 Seeded DCSS version 0.30-a0-737-gf23d94013f (webtiles) character file.

Game seed: 5430720872467839093 (custom seed)

131 valliere the Sneak (level 5, -8/32 HPs)
             Began as a Kobold Brigand on Feb 2, 2023.
             Mangled by a two-headed ogre
             ... wielding a +0 giant spiked club
              (21 damage)
             ... on level 5 of the Dungeon.
             The game lasted 00:04:19 (1779 turns).

valliere the Sneak (Kobold Brigand)                 Turns: 1779, Time: 00:04:19

Health: -8/32      AC:  7    Str: 14    XL:     5   Next: 37%
Magic:  5/5        EV: 15    Int: 12    God:
Gold:   1076       SH:  0    Dex: 19    Spells: 4/4 levels left

rFire   . . .      SeeInvis .    a - +2 dagger
rCold   + . .      Faith    .    (no shield)
rNeg    . . .      Spirit   .    b - +0 robe
rPois   .          Reflect  .    (no helmet)
rElec   .          Harm     .    c - +0 cloak
rCorr   .          Rampage  .    p - +3 pair of gauntlets of War {Slay+5}
Will    .....      Clarity  +    (no boots)
Stlth   ++++                     (no amulet)
HPRegen 0.25/turn                f - +6 ring of strength
MPRegen 0.09/turn                o - ring of protection from cold

@: no status effects
A: small, no large weapons, nightstalker 3, clarity, noise suppression
a: no special abilities


You were on level 5 of the Dungeon.
You visited 1 branch of the dungeon, and saw 4 of its levels.

You collected 1454 gold pieces.
You spent 378 gold pieces at shops.

Inventory:

Hand Weapons
 a - a +2 dagger (weapon)
 s - the +11 Singing Sword {sonic wave}
   (You acquired it on level 2 of the Dungeon)
Missiles
 d - 9 poisoned darts (quivered)
 e - 3 curare-tipped darts
Armour
 b - a +0 robe (worn)
 c - a +0 cloak (worn)
 p - the +3 pair of gauntlets of War (worn) {Slay+5}
   (You acquired it on level 2 of the Dungeon)

   Slay:      It affects your accuracy & damage with ranged weapons and melee
   (+5).
Jewellery
 f - a +6 ring of strength (left hand)
 o - a ring of protection from cold (right hand)
Scrolls
 g - a scroll of brand weapon {unknown}
 h - a scroll of teleportation {unknown}
 j - 4 scrolls of amnesia
 k - a scroll of torment {unknown}
 l - 3 scrolls of identify
 m - a scroll of noise {unknown}
 q - a scroll of fog {unknown}
 r - a scroll of immolation {unknown}
 t - 2 scrolls of enchant armour
 u - a scroll of fear
 v - a scroll of blinking
Potions
 i - a potion of attraction {unknown}
 n - 2 potions of curing {unknown}


   Skills:
 + Level 2.8 Fighting
 + Level 3.4 Short Blades
 + Level 0.1(1.2) Long Blades
 + Level 2.9 Throwing
 + Level 1.2 Armour
 + Level 2.5 Dodging
 + Level 5.8 Stealth
 + Level 1.7 Evocations


You had 4 spell levels left.
You didn't know any spells.
Your spell library was empty.

Dungeon Overview and Level Annotations

Branches:
Dungeon (3/15)

Altars:

Shops:
D:2 ?


Innate Abilities, Weirdness & Mutations

You are small and have problems with some larger weapons.
You are completely attuned to the shadows.
You possess an exceptional clarity of mind.
You passively dampen the noise of your surroundings.


Message History

Found 5 stones.
There is a stone staircase leading up here.
Found an escape hatch in the floor.
No target in view!
There is an escape hatch in the floor here.
Found 3 stones.
A frilled lizard comes into view.
The helpless frilled lizard fails to defend itself.
You spit the frilled lizard like a pig!!!
You kill the frilled lizard!
An endoplasm comes into view.
An endoplasm is nearby!
Found 4 stones.
A sourceless malevolence fills the Dungeon...
You fall into a shaft and drop 2 floors!
The shaft crumbles and collapses.
Found a stone staircase leading down.
You now have 1076 gold pieces (gained 8).
A two-headed ogre comes into view.
It is wielding a +0 giant spiked club and a +0 giant club.
Found a stone staircase leading up.
A hound comes into view.
Found a stone staircase leading up.
The helpless two-headed ogre fails to defend itself.
You skewer the two-headed ogre like a kebab!!!
The two-headed ogre is severely wounded.
You hit the two-headed ogre.
The two-headed ogre is severely wounded.
The two-headed ogre barely misses you. x2
You puncture the two-headed ogre!
The two-headed ogre is almost dead.
The two-headed ogre barely misses you. The two-headed ogre misses you.
You hit the two-headed ogre.
The two-headed ogre is almost dead.
You hit the two-headed ogre.
The two-headed ogre is almost dead.
The two-headed ogre hits you with a +0 giant spiked club!!
Ouch! That really hurt!
The two-headed ogre hits you with a +0 giant club!!
Ouch! That really hurt!
You die...

#...# #...# # ..<#.#
###############.##.#.
.....................
###############.@....
#..O... ........ ###
....#.h.. ..#.#...
.... .... #.#.....
#.#..... #.#.....
....#+####.


You could see a two-headed ogre and a hound (asleep).

Vanquished Creatures
  A necrophage (D:2)
  3 gnolls (D:2)
  An adder (D:2)
  3 bats
  5 endoplasms
  2 hobgoblins
  4 jackals (D:1)
  5 kobolds
  2 quokkas (D:1)
  2 ball pythons (D:1)
  2 frilled lizards
  4 goblins
  A rat (D:1)
35 creatures vanquished.

Notes
Turn   | Place    | Note
-------+----------+-------------------------------------------
     0 | D:1      | valliere the Kobold Brigand began the quest for the Orb.
     0 | D:1      | Reached XP level 1. HP: 12/12 MP: 1/1
   203 | D:1      | Gained mutation: You passively dampen the noise of your
                  | surroundings. [potion of mutation]
   203 | D:1      | Gained mutation: You possess an exceptional clarity of
                  | mind. [potion of mutation]
   239 | D:1      | Reached XP level 2. HP: 15/17 MP: 2/2
   533 | D:1      | Reached XP level 3. HP: 22/22 MP: 3/3
  1004 | D:2      | Identified 3 scrolls of acquirement
  1004 | D:2      | Acquired the +3 pair of gauntlets of War {Slay+5}
  1004 | D:2      | Found the +3 pair of gauntlets of War {Slay+5}
  1006 | D:2      | Acquired 459 gold pieces
  1013 | D:2      | Acquired 918 gold pieces
  1131 | D:2      | Noticed a necrophage
  1133 | D:2      | Killed a necrophage
  1134 | D:2      | Reached skill level 1 in Armour
  1134 | D:2      | Reached skill level 1 in Evocations
  1134 | D:2      | Reached XP level 4. HP: 27/27 MP: 4/4
  1257 | D:2      | Acquired the +11 Singing Sword {sonic wave}
  1257 | D:2      | Found the +11 Singing Sword {sonic wave}
  1279 | D:2      | Reached XP level 5. HP: 30/31 MP: 5/5
  1490 | D:2      | Found Doddoiw's Magic Scroll Shoppe.
  1495 | D:2      | Bought a scroll of identify for 28 gold pieces
  1495 | D:2      | Bought a scroll of enchant armour for 105 gold pieces
  1495 | D:2      | Bought a scroll of identify for 28 gold pieces
  1495 | D:2      | Bought a scroll of fear for 56 gold pieces
  1495 | D:2      | Bought a scroll of amnesia for 56 gold pieces
  1495 | D:2      | Bought a scroll of blinking for 105 gold pieces
  1711 | D:3      | You fall into a shaft and drop 2 floors!
  1711 | D:5      | Entered Level 5 of the Dungeon
  1771 | D:5      | Noticed a two-headed ogre
  1779 | D:5      | Mangled by a two-headed ogre

Illustrated notes

Levels and vault maps discovered:
D:1:      dpeg_arrival_boxes_within_box, layout_basic
D:2:      layout_loops_ring, serial_shops, shop, nicolae_kite_square_tiling_tiny
D:3:      layout_rooms, okawaru_metal_pillars_3, ebering_ecumenical_altar_rust
D:5:      layout_basic, uniq_duvessa

Skill      XL: |  1  2  3 |
---------------+----------+-----
Short Blades   | 3 |  3.4
Armour         | 1 |  1.2
Dodging        | 2 |  2.5
Evocations     | 1 |  1.7
Fighting       | |  2.8
Long Blades    | |  0.1
Throwing       | |  2.9
Stealth        | |  5.8

Action                     |  1- 3 |  4- 6 || total
---------------------------+-------+-------++-------
  Melee: Dagger            |    52 |    25 ||    77
         Double sword      |       |     2 ||     2
    Use: Potion            |     1 |       ||     1
         Scroll            |     3 |     1 ||     4
   Stab: Sleeping          |    11 |     5 ||    16
 Armour: Robe              |     5 |     4 ||     9
  Dodge: Dodged            |    25 |    18 ||    43

Table legend: (Time is in decaauts)
 A = Elapsed time spent in this place.
 B = Non-inter-level travel time spent in this place.
 C = Inter-level travel time spent in this place.
 D = Time resting spent in this place.
 E = Time spent auto-exploring this place.
 F = Levels seen in this place.
 G = Mean time per level.
                   A        B        C        D        E       F      G
               +--------+--------+--------+--------+--------+-----+--------+
         Total |   1766 |   1696 |     70 |      0 |   1447 |   4 |  441.5 |
       Dungeon |   1766 |   1696 |     70 |      0 |   1447 |   4 |  441.5 |
               +--------+--------+--------+--------+--------+-----+--------+

Top non-repeatable levels by time:
     D:1: 977 daAuts
     D:2: 692 daAuts
     D:5: 67 daAuts
     D:3: 29 daAuts
